 Dungeon Crawl Stone Soup version 0.31-a0-1300-gb6740aa4e6 (webtiles) character file.

Game seed: 6129983730924064752

8 bmb222 the Trooper (level 2, 24/24 HPs)
             Began as a Demonspawn Fighter on Dec 19, 2023.
             Got out of the dungeon alive.
             The game lasted 00:00:18 (126 turns).

bmb222 the Trooper (Demonspawn Fighter)              Turns: 126, Time: 00:00:19

Health: 24/24      AC:  6    Str: 16    XL:     2   Next: 0%
Magic:  2/2        EV:  8    Int:  8    God:
Gold:   15         SH:  4    Dex: 12    Spells: 1/1 levels left

rFire   . . .        a - +0 flail
rCold   . . .        c - +0 buckler
rNeg    . . .        b - +0 scale mail
rPois   .            (helmet restricted)
rElec   .            (no cloak)
rCorr   .            (no gloves)
SInv    .            (no boots)
Will    .....        (no amulet) Stlth
                     (no ring)
HPRegen 0.24/turn    (no ring)
MPRegen 0.08/turn

%: no passive effects
@: no status effects
A: antennae 1
a: no special abilities


You escaped.
You visited 1 branch of the dungeon, and saw 1 of its levels.

You collected 15 gold pieces.

Inventory:

Hand Weapons
 a - a +0 flail (weapon)
Armour
 b - a +0 scale mail (worn)
 c - a +0 buckler (worn)
Potions
 d - a potion of might


   Skills:
 + Level 3.1 Fighting
 * Level 2.1 Maces & Flails
 + Level 2.8 Armour
 - Level 2.6 Shields


You had one spell level left.
You didn't know any spells.
Your spell library was empty.

Dungeon Overview and Level Annotations

Branches:
Dungeon (1/15)

Altars:


Innate Abilities, Weirdness & Mutations

You have a pair of small antennae on your head.


Message History

The dart slug is lightly wounded.
The dart slug bites you.
You thump the dart slug!
You kill the dart slug!
You have reached level 2!
Your demonic ancestry asserts itself...
A pair of antennae grows on your head!
No target in view!
No target in view!
No target in view!
No target in view!
No target in view!
No target in view!
No target in view!
No target in view!
No target in view!
No target in view!
No target in view!
No target in view!
No target in view!
No target in view!
No target in view!
No target in view!
No target in view!
No target in view!
No target in view!
No target in view!
No target in view!
No target in view!
No target in view!
No target in view!
Things that are here:
a +0 short sword; a dart slug corpse; a rat corpse You now have 15 gold pieces.
Found a ring mail.
Found 5 stones.
There is an open door here.
You enter the shallow water.
Moving in this stuff is going to be slow.
There is a staircase leading out of the dungeon here.
You have escaped!

##..........#
#...........#
#...........#
#...........#
#....######'###
#....#≈≈~~#...#
##...#≈##~#.#.#
##...#≈~~~###.#
#....+~@#~#~~.#
###....#~~#~#~###
..#......#~##~#~###
.....##....#≈~~#~#~.+
...#.##....##########
................#
..#..##.......#..
...#......####..#
...##.)...# ..


There were no monsters in sight!

Vanquished Creatures
  A dart slug (D:1)
  A ball python (D:1)
  A frilled lizard (D:1)
  3 kobolds (D:1)
  A rat (D:1)
7 creatures vanquished.

Notes
Turn   | Place    | Note
-------+----------+-------------------------------------------
     0 | D:1      | bmb222 the Demonspawn Fighter began the quest for the Orb.
     0 | D:1      | Reached XP level 1. HP: 18/18 MP: 1/1
    73 | D:1      | Gained mutation: You have a pair of small antennae on your
                  | head. [demonic ancestry]
    73 | D:1      | Reached XP level 2. HP: 22/24 MP: 2/2
   126 | D:$      | Got out of the dungeon alive.

Illustrated notes

Levels and vault maps discovered:
D:1:      ncdulo_wetmaze, layout_rooms

Skill      XL: |  1 |
---------------+----+-----
Maces & Flails | 2 |  2.1
Fighting       | |  3.1
Armour         | |  2.8
Shields        | |  2.6

Action                     || total
---------------------------++-------
  Melee: Flail             ||    18
 Armour: Scale mail        ||    11
  Dodge: Dodged            ||     9
  Block: Buckler           ||     5

Table legend: (Time is in decaauts)
 A = Elapsed time spent in this place.
 B = Non-inter-level travel time spent in this place.
 C = Inter-level travel time spent in this place.
 D = Time resting spent in this place.
 E = Time spent auto-exploring this place.
 F = Levels seen in this place.
 G = Mean time per level.
                   A        B        C        D        E       F      G
               +--------+--------+--------+--------+--------+-----+--------+
         Total |    147 |    106 |     41 |      0 |     69 |   1 |  147.0 |
       Dungeon |    147 |    106 |     41 |      0 |     69 |   1 |  147.0 |
               +--------+--------+--------+--------+--------+-----+--------+

Top non-repeatable levels by time:
     D:1: 147 daAuts
